Map: [ESL] Oceanborn

Players

Serral - Winner!

  • Race: Zerg Zerg
  • Spawn Location: 5:00

Oliveira

  • Race: Terran Terran
  • Spawn Location: 11:00

Event: ESL Spring 2024 Finals

VOD

Have the link to the VOD?

Description

Time

  • Played on: June 2, 2024, 2:30 p.m.
  • Length: 29:04

All games in this series

Show
View Real Time Build Order
Export as new Build Order

Serral Zerg - Winner!

Build Orders: Hatch First 

Get SALT Encoding   

  12  0:00  Drone  
  13  0:11  Overlord  
  13  0:17  Drone  
  14  0:30  Drone x2  
  16  0:47  Hatchery  
  15  0:50  Drone  
  15  0:53  Drone  
  17  0:57  Drone  
  18  1:08  Extractor  
  17  1:12  Spawning Pool  
  17  1:15  Drone  
  17  1:18  Drone  
  18  1:27  Drone  
  19  1:37  Drone  
  20  1:48  Drone  
  21  1:59  Queen x2  
  21  2:00  Zergling x4  
  27  2:09  Overlord  
  27  2:18  Hatchery  
  27  2:21  Drone  
  27  2:23  Drone  
  27  2:29  Drone  
  29  2:32  Drone x2  
  31  2:39  Queen  
  33  2:48  Overlord  
  33  2:50  Drone  
  34  2:52  Drone  
  34  2:54  Drone  
  36  3:05  Queen  
  36  3:06  Overlord, Drone  
  36  3:08  Drone x2  
  36  3:11  Drone  
  42  3:14  Drone  
  43  3:20  Roach Warren  
  43  3:24  Queen  
  43  3:26  Drone  
  45  3:28  Drone  
  45  3:30  Drone  
  47  3:34  Queen  
  47  3:38  Overlord  
  47  3:41  Drone  
  50  3:43  Drone  
  50  3:44  Drone  
  50  3:47  Overlord  
  52  3:50  Drone  
  52  3:51  Drone  
  52  3:53  Drone  
  55  3:55  Drone  
  55  3:57  Drone  
  55  3:58  Drone  
  55  4:01  Overlord  
  58  4:05  Roach x2  
  58  4:09  Roach  
  64  4:11  Drone x2  
  64  4:12  Drone  
  64  4:14  Overlord  
  67  4:21  Drone x3  
  70  4:27  Overlord  
  70  4:28  Drone  
  70  4:30  Lair  
  71  4:32  Overlord  
  71  4:34  Roach x2  
  71  4:35  Roach  
  71  4:37  Drone  
  78  4:38  Extractor  
  78  4:40  Drone  
  78  4:41  Drone  
  78  4:42  Drone x2  
  81  4:48  Overlord  
  81  4:49  Drone  
  82  4:54  Drone x2  
  82  4:56  Spore Crawler  
  82  4:59  Spore Crawler  
  82  5:00  Spore Crawler  
  82  5:02  Hatchery  
  82  5:05  Drone x5  
  85  5:08  Extractor x2  
  85  5:10  Drone x3  
  85  5:12  Roach  
  85  5:13  Roach  
  90  5:15  Drone  
  91  5:22  Drone  
  91  5:23  Drone x3, Evolution Chamber  
  91  5:24  Evolution Chamber  
  91  5:25  Drone  
  91  5:27  Overseer  
  95  5:28  Drone x3  
  95  5:30  Extractor, Glial Reconstitution  
  95  5:34  Overlord  
  95  5:35  Drone x2  
  98  5:37  Drone x2  
  98  5:39  Overseer  
  100  5:44  Overlord  
  100  5:45  Extractor, Drone x2  
  100  5:46  Overlord  
  100  5:49  Drone x2  
  103  5:53  Zerg Melee Weapons Level 1  
  103  5:56  Zerg Ground Armor Level 1  
  101  6:01  Drone x5  
  104  6:04  Drone x2  
  104  6:06  Drone  
  104  6:10  Drone  
  108  6:14  Drone x4  
  108  6:18  Overlord  
  110  6:19  Infestation Pit, Drone  
  110  6:24  Queen  
  110  6:30  Drone x3, Baneling Nest  
  110  6:31  Drone x5  
  117  6:35  Overlord  
  117  6:42  Roach x3  
  117  6:44  Evolution Chamber  
  117  6:47  Overlord  
  122  6:48  Queen  
  122  6:51  Roach  
  122  6:52  Roach x2, Extractor  
  130  6:56  Overlord  
  130  6:57  Drone x2, Overseer  
  130  6:58  Drone, Spore Crawler  
  130  6:59  Zergling x6  
  135  7:02  Hive  
  135  7:08  Overlord  
  135  7:09  Zergling x12  
  135  7:12  Ravager x3  
  135  7:15  Zergling x4  
  146  7:20  Metabolic Boost, Centrifugal Hooks  
  146  7:23  Hatchery  
  146  7:24  Ravager x3  
  146  7:25  Overlord  
  148  7:30  Burrow  
  148  7:33  Zergling x10  
  148  7:35  Hatchery  
  152  7:38  Overlord  
  152  7:40  Overlord  
  152  7:42  Ravager  
  152  7:44  Roach x4, Zergling x6  
  161  7:46  Baneling x5  
  163  8:00  Zerg Ground Armor Level 2, Zerg Melee Weapons Level 2  
  163  8:03  Drone x7  
  163  8:04  Drone  
  171  8:09  Zergling x14  
  178  8:14  Baneling x3  
  178  8:18  Viper x2  
  184  8:24  Spore Crawler  
  183  8:31  Drone x2  
  183  8:32  Drone  
  183  8:33  Drone x3  
  187  8:35  Zergling x22, Hatchery  
  187  8:36  Spore Crawler  
  187  8:39  Adrenal Glands  
  196  8:45  Drone x2  
  196  8:48  Drone x5  
  197  8:51  Zergling x2  
  198  8:57  Hydralisk Den  
  198  8:59  Baneling x6  
  197  9:04  Zergling x4  
  199  9:22  Baneling x2  
  199  9:23  Baneling x3  
  200  9:26  Hatchery  
  199  9:32  Hatchery  
  199  9:35  Baneling x18  
  199  9:37  Zergling x2  
  199  9:38  Zergling x2  
  200  9:40  Hatchery  
  199  9:46  Pneumatized Carapace  
  199  9:50  Muscular Augments  
  199  9:53  Overseer  
  199  9:59  Overseer  
  199  10:01  Hatchery  
  199  10:04  Zergling x2  
  196  10:16  Zerg Missile Weapons Level 1  
  196  10:18  Viper  
  196  10:20  Zergling x26  
  199  10:27  Zerg Ground Armor Level 3  
  199  10:30  Hatchery  
  198  10:36  Spire  
  198  10:37  Spore Crawler  
  198  10:38  Lurker Den, Drone x2  
  195  10:44  Zergling x10  
  198  10:54  Grooved Spines, Drone x2  
  195  11:01  Overseer  
  195  11:02  Zergling x8  
  195  11:04  Neural Parasite  
  199  11:06  Overseer  
  199  11:12  Nydus Network  
  198  11:25  Drone  
  199  11:34  Baneling x5  
  199  11:37  Hatchery  
  199  11:39  Baneling x8  
  198  11:47  Seismic Spines  
  198  11:50  Drone, Spore Crawler  
  198  11:51  Nydus Canal  
  198  11:54  Zergling x4  
  171  12:12  Zergling x14  
  171  12:13  Zergling x60  
  171  12:15  Zerg Missile Weapons Level 2  
  199  12:18  Baneling x2  
  199  12:19  Baneling x5  
  199  12:24  Nydus Canal  
  199  12:31  Spire  
  199  12:32  Extractor x2, Drone x2  
  198  12:39  Zergling x2  
  198  12:40  Baneling  
  198  12:41  Baneling x7  
  198  12:44  Adaptive Talons  
  195  12:49  Baneling x8  
  195  12:52  Overseer  
  195  12:53  Zergling x8  
  195  12:54  Baneling x4  
  199  13:04  Zerg Melee Weapons Level 3  
  196  13:14  Zergling x12  
  198  13:20  Hatchery  
  198  13:24  Zergling x28  
  164  13:35  Hydralisk x11  
  164  13:36  Zergling x34  
  164  13:39  Drone x3  
  178  13:46  Viper x2  
  178  13:48  Hydralisk x3  
  175  13:49  Zergling x26  
  175  13:50  Drone x11  
  175  13:54  Baneling x13  
  194  13:58  Zergling x12  
  198  14:05  Greater Spire  
  198  14:11  Nydus Canal  
  198  14:13  Drone  
  198  14:16  Baneling x8  
  199  14:25  Extractor x2  
  199  14:26  Hatchery  
  199  14:28  Zergling x6  
  185  14:51  Drone x8  
  185  14:52  Drone x4  
  196  14:53  Drone x3  
  196  14:54  Hatchery  
  196  14:55  Drone  
  196  15:20  Hatchery  
  179  15:23  Zergling x20  
  179  15:24  Zergling x16  
  196  15:30  Baneling x7  
  196  15:35  Baneling x4  
  193  15:41  Infestor x2  
  197  15:46  Zergling x4  
  197  15:49  Nydus Canal  
  199  16:03  Zerg Flyer Weapons Level 1  
  199  16:08  Drone, Spore Crawler x2  
  199  16:09  Drone  
  195  16:21  Zergling x10  
  192  16:33  Drone  
  192  16:39  Zergling x12  
  199  16:42  Overlord  
  199  16:43  Overlord  
  199  16:45  Overlord  
  199  16:48  Extractor x2  
  199  16:49  Hatchery  
  199  16:50  Spore Crawler  
  199  16:51  Spore Crawler  
  194  17:06  Zergling x16  
  196  17:12  Zergling x24  
  198  17:19  Ultralisk Cavern  
  196  17:24  Corruptor x2  
  198  17:57  Zerg Flyer Armor Level 1  
  198  18:02  Zergling x4  
  198  18:05  Extractor x2  
  197  18:25  Hydralisk  
  197  18:26  Zergling x2  
  200  18:32  Overseer  
  200  18:36  Extractor  
  199  18:44  Zergling x2  
  199  18:52  Zergling x6  
  199  18:54  Zergling x10  
  180  19:03  Zergling x6  
  180  19:04  Zergling x46  
  182  19:11  Zergling x38  
  182  19:17  Baneling x20  
  198  19:27  Zergling x2  
  198  19:28  Zergling x2  
  198  19:30  Baneling x7  
  200  19:31  Nydus Canal  
  200  19:35  Zerg Missile Weapons Level 3  
  200  19:38  Extractor  
  199  19:39  Drone  
  180  19:48  Overlord x2  
  180  19:49  Zergling x40  
  180  19:50  Zerg Flyer Weapons Level 2  
  180  19:52  Overlord x2  
  193  19:53  Overseer x2  
  191  20:00  Zergling x2  
  189  20:11  Drone x2  
  189  20:12  Drone  
  189  20:14  Drone x3  
  189  20:19  Zergling x6  
  189  20:20  Zergling x26  
  194  20:30  Hydralisk x4  
  194  20:34  Hydralisk x2  
  197  20:49  Corruptor x4  
  191  20:57  Zergling x6  
  191  20:58  Zergling x14  
  191  21:00  Hydralisk x2  
  200  21:07  Chitinous Plating  
  200  21:10  Spire  
  199  21:13  Drone  
  198  21:56  Extractor x2  
  198  22:00  Zergling x6  
  199  22:06  Zerg Flyer Armor Level 2  
  191  22:24  Zergling x18  
  191  22:26  Anabolic Synthesis  
  200  22:46  Overseer  
  200  22:51  Baneling x6  
  200  22:52  Baneling  
  199  23:08  Zergling x12  
  187  23:18  Zergling x24  
  187  23:19  Zergling x6  
  192  23:22  Zergling x20  
  190  23:44  Zergling x20  
  190  23:47  Nydus Canal  
  199  23:55  Baneling x9  
  199  24:01  Hatchery  
  198  24:05  Nydus Canal  
  198  24:11  Extractor  
  198  24:12  Zergling x4  
  199  24:21  Zerg Flyer Weapons Level 3  
  197  24:31  Corruptor  
  188  24:41  Corruptor x3  
  188  24:42  Corruptor  
  196  24:49  Zerg Flyer Armor Level 3  
  196  24:50  Corruptor x2  
  199  24:53  Drone x14  
  199  24:56  Corruptor x5, Hatchery  
  189  25:00  Overlord x4  
  189  25:01  Overlord  
  189  25:03  Overlord x2  
  189  25:07  Overlord  
  189  25:10  Overlord  
  189  25:13  Hatchery  
  188  25:23  Corruptor x2  
  188  25:28  Overseer, Zergling x8  
  199  25:29  Overseer  
  196  26:00  Overseer  
  196  26:01  Baneling x5  
  196  26:04  Zergling x6  
  196  26:24  Zergling x28  
  189  26:35  Zergling x44  
  189  26:36  Zergling x4  
  190  26:41  Zergling x4  
  190  26:42  Zergling x16  
  200  26:53  Zergling x2  
  200  26:54  Zergling x32  
  183  27:00  Drone  
  183  27:01  Drone x7  
  188  27:12  Hydralisk  
  188  27:13  Hydralisk, Zergling x10  
  188  27:14  Zergling x6  
  195  27:19  Baneling x4  
  195  27:20  Overseer  
  195  27:21  Hydralisk  
  194  27:42  Drone x3  
  197  27:45  Zergling x6  
  180  27:51  Zergling x2  
  180  27:52  Zergling x40  
  180  27:57  Zergling x24, Ultralisk x3  
  173  28:06  Hydralisk  
  173  28:07  Hydralisk x3, Zergling x4  
  171  28:15  Overseer x2  
  171  28:16  Baneling x8  
  171  28:17  Baneling  
  161  28:24  Corruptor x3  
  161  28:25  Corruptor  
  161  28:26  Drone x2  
  171  28:32  Zergling x14  
  171  28:33  Overseer  
  190  28:35  Baneling x9  
  190  28:40  Hatchery  
Show
View Real Time Build Order
Export as new Build Order

Oliveira Terran 

Build Orders: Reaper Expand, Hellion Banshee 

Get SALT Encoding   

  12  0:00  SCV  
  13  0:12  SCV  
  14  0:17  Supply Depot  
  14  0:25  SCV  
  15  0:38  SCV  
  15  0:40  Barracks  
  16  0:44  Refinery  
  16  0:50  SCV  
  17  1:02  SCV  
  18  1:15  SCV  
  19  1:28  Reaper, Orbital Command  
  20  1:39  Command Center  
  20  1:48  Supply Depot  
  20  1:54  SCV  
  21  1:59  Marine  
  22  2:06  SCV  
  23  2:12  Factory  
  23  2:18  SCV  
  23  2:22  Barracks Reactor  
  24  2:30  SCV  
  25  2:39  Command Center  
  25  2:47  SCV  
  25  2:50  Orbital Command  
  26  2:59  SCV  
  26  3:00  Starport  
  27  3:06  Refinery  
  27  3:11  SCV  
  28  3:15  Hellion  
  28  3:16  Hellion  
  28  3:17  SCV  
  33  3:20  Barracks Tech Lab  
  33  3:23  SCV  
  34  3:31  SCV  
  35  3:35  SCV  
  35  3:37  Hellion x2  
  40  3:43  SCV  
  40  3:46  Banshee  
  40  3:47  SCV, Marine  
  46  3:51  Orbital Command  
  46  3:57  Cloaking Field  
  46  3:58  SCV  
  46  3:59  SCV  
  46  4:01  Hellion  
  50  4:05  Hellion  
  52  4:10  Barracks Tech Lab  
  52  4:11  Supply Depot  
  52  4:12  SCV  
  52  4:13  SCV  
  52  4:16  SCV  
  55  4:24  SCV, Hellion  
  55  4:25  SCV, Supply Depot  
  55  4:28  Hellion  
  61  4:32  Banshee  
  61  4:33  SCV  
  61  4:37  Stimpack  
  65  4:38  SCV  
  65  4:39  Marine  
  65  4:40  SCV  
  68  4:48  Supply Depot  
  68  4:54  Barracks  
  68  4:55  SCV  
  68  4:56  SCV  
  68  4:57  SCV  
  68  4:59  Barracks  
  71  5:01  Engineering Bay  
  71  5:02  Engineering Bay, Factory Reactor  
  71  5:05  Orbital Command  
  71  5:07  Refinery  
  71  5:08  Refinery  
  71  5:09  SCV x2  
  71  5:11  Supply Depot  
  73  5:16  Marine  
  73  5:21  SCV x2  
  76  5:28  Command Center  
  76  5:29  Starport Reactor  
  76  5:30  Terran Infantry Armor Level 1  
  76  5:33  Terran Infantry Weapons Level 1  
  76  5:34  SCV, Supply Depot  
  77  5:36  SCV x2  
  79  5:48  SCV  
  80  5:50  SCV  
  80  5:52  Barracks  
  80  5:53  Barracks  
  80  5:54  SCV  
  80  5:56  Siege Tank  
  85  5:58  Marine x2  
  85  6:00  SCV  
  89  6:04  SCV  
  89  6:06  SCV, Supply Depot  
  86  6:11  Marine  
  86  6:13  SCV, Marine  
  86  6:14  Medivac x2  
  86  6:16  Marine  
  86  6:18  Marine  
  94  6:19  SCV  
  94  6:21  Combat Shield  
  94  6:22  Marine  
  94  6:24  SCV  
  98  6:29  Factory, Refinery x2, Marine  
  98  6:31  Marine  
  100  6:33  Siege Tank  
  100  6:34  SCV, Supply Depot, Marine  
  100  6:35  SCV  
  100  6:37  Marine  
  100  6:39  Supply Depot  
  107  6:40  SCV  
  107  6:41  Barracks Reactor  
  107  6:43  Barracks Reactor  
  107  6:47  SCV, Marine  
  109  6:48  SCV  
  109  6:52  Armory  
  109  6:53  SCV  
  112  6:55  Marine  
  112  6:56  Supply Depot, Marine  
  112  6:58  Marine x2  
  112  6:59  SCV  
  112  7:00  Supply Depot  
  112  7:01  SCV  
  118  7:05  SCV, Medivac  
  123  7:08  Siege Tank  
  123  7:11  SCV, Marine  
  123  7:13  Marine  
  123  7:15  Factory Reactor  
  127  7:16  SCV, Planetary Fortress  
  127  7:17  Marine x3  
  127  7:18  Marine  
  127  7:21  Marine x2  
  127  7:22  Marine  
  135  7:23  SCV  
  135  7:24  Supply Depot  
  135  7:26  SCV  
  135  7:28  Supply Depot  
  135  7:29  Marine  
  137  7:32  Marine  
  139  7:37  Barracks, Marine x2  
  139  7:38  Barracks  
  139  7:40  Barracks  
  139  7:41  Marine  
  139  7:42  SCV  
  143  7:44  Marine  
  143  7:45  Terran Infantry Armor Level 2, Terran Infantry Weapons Level 2  
  144  7:53  Marine  
  144  7:54  Marine  
  144  7:57  Marine  
  143  8:00  Siege Tank  
  143  8:01  Widow Mine x2  
  143  8:02  SCV x3  
  143  8:04  SCV  
  153  8:10  Command Center  
  153  8:16  SCV x2  
  153  8:17  SCV, Refinery, Ghost Academy  
  153  8:18  Refinery  
  156  8:23  Liberator x2  
  156  8:24  Widow Mine  
  156  8:25  Missile Turret  
  164  8:27  SCV  
  164  8:29  SCV, Widow Mine  
  168  8:35  SCV  
  168  8:36  Siege Tank  
  168  8:37  Terran Vehicle Weapons Level 1  
  169  8:43  SCV  
  169  8:44  SCV  
  169  8:45  SCV  
  172  8:53  Barracks Tech Lab x2  
  172  8:54  Barracks Tech Lab  
  172  8:57  Supply Depot, Ghost  
  172  8:58  SCV, Marine  
  172  9:01  Widow Mine x2  
  172  9:02  Factory  
  180  9:03  Missile Turret  
  180  9:04  Sensor Tower  
  180  9:08  Command Center  
  180  9:18  Viking x2, Ghost x2  
  180  9:22  Siege Tank  
  191  9:24  Missile Turret  
  191  9:26  Missile Turret  
  191  9:28  Missile Turret  
  191  9:29  Missile Turret  
  191  9:31  Drilling Claws  
  191  9:39  Command Center  
  191  9:43  Orbital Command  
  191  9:47  Factory Tech Lab, Missile Turret  
  191  9:48  Widow Mine x2  
  191  9:49  Missile Turret  
  191  9:51  Ghost  
  194  10:03  Ghost x2  
  194  10:05  Terran Infantry Armor Level 3, Terran Infantry Weapons Level 3  
  176  10:22  Siege Tank x2  
  176  10:23  Widow Mine x2, Ghost  
  176  10:26  Missile Turret  
  188  10:36  Personal Cloaking  
  188  10:40  Terran Vehicle Weapons Level 2  
  188  10:43  Missile Turret  
  188  10:44  Missile Turret  
  188  10:45  Sensor Tower  
  188  10:47  Widow Mine x2, Planetary Fortress  
  189  10:51  Marine  
  190  10:57  Siege Tank  
  190  11:02  Siege Tank  
  200  11:11  Marauder x2  
  200  11:13  Command Center  
  200  11:15  Command Center  
  200  11:25  Command Center  
  200  11:27  Missile Turret  
  200  11:29  Missile Turret  
  200  11:33  Missile Turret  
  200  11:34  Planetary Fortress  
  200  11:38  Sensor Tower  
  200  11:42  Starport  
  200  11:44  Armory, Fusion Core  
  194  12:05  Marine x2  
  194  12:06  Marauder  
  163  12:11  Marauder, Marine x3  
  163  12:12  Siege Tank x2, Marauder  
  163  12:13  Widow Mine x2  
  163  12:14  Marine, Ghost  
  163  12:15  Liberator x2  
  185  12:23  Command Center  
  185  12:24  Refinery, Starport Reactor  
  185  12:25  Sensor Tower, Missile Turret  
  185  12:26  Refinery, Ghost  
  185  12:27  Missile Turret  
  187  12:34  Marauder x2  
  187  12:36  Planetary Fortress  
  191  12:41  Terran Vehicle And Ship Armor Level 1, Missile Turret x2  
  191  12:42  Widow Mine x2, Neosteel Armor  
  191  12:43  Marauder  
  197  12:49  Sensor Tower  
  197  12:54  Concussive Shells  
  197  12:56  Marauder, Marine  
  198  13:25  Marauder, Marine x2  
  181  13:30  Marine  
  167  13:36  Marine  
  167  13:38  Ghost  
  170  13:41  Ghost x2  
  170  13:42  Missile Turret  
  170  13:44  Sensor Tower  
  170  13:45  Marine x2  
  170  13:47  Marauder  
  178  13:50  Marine x2  
  178  13:52  Marine x2  
  178  13:54  Marine  
  178  13:55  Orbital Command  
  180  13:57  SCV x2  
  180  14:00  Missile Turret  
  180  14:01  Marine  
  183  14:03  Advanced Ballistics  
  183  14:04  Liberator x2  
  183  14:05  Orbital Command  
  183  14:07  SCV, Marauder  
  183  14:08  Marauder  
  189  14:10  Ghost  
  189  14:11  Marauder  
  189  14:16  Missile Turret  
  193  14:17  Liberator  
  193  14:18  Orbital Command  
  193  14:20  Widow Mine  
  193  14:22  Hi-Sec Auto Tracking  
  193  14:23  Terran Ship Weapons Level 1  
  196  14:53  Liberator  
  199  15:01  Nuke  
  199  15:02  Terran Vehicle And Ship Armor Level 2  
  199  15:07  Starport  
  198  15:16  Ghost  
  198  15:17  Marine x2  
  198  15:18  Marauder  
  198  15:19  Siege Tank x2  
  198  15:20  Widow Mine x2, Liberator x2  
  198  15:21  Marine x3  
  200  15:46  Marine x2  
  200  16:02  Liberator  
  196  16:23  Command Center, Missile Turret  
  196  16:24  Ghost x2, Missile Turret  
  196  16:25  Terran Ship Weapons Level 2  
  195  16:26  Liberator  
  196  16:37  Liberator  
  196  16:38  Starport Reactor  
  193  16:54  Marine  
  193  16:57  Medivac  
  193  16:59  Marine  
  193  17:00  Marauder  
  186  17:16  Marine  
  186  17:17  Marauder, Marine  
  190  17:22  Marine  
  190  17:23  Marine  
  190  17:25  Liberator  
  195  17:30  Liberator, Missile Turret x2  
  195  17:32  Nuke  
  195  17:33  Terran Vehicle And Ship Armor Level 3  
  195  17:37  Marine  
  199  17:47  Sensor Tower  
  199  17:54  Liberator  
  199  17:57  Widow Mine x2  
  200  18:14  Refinery  
  200  18:16  Command Center  
  200  18:17  Missile Turret  
  200  18:19  Command Center, Refinery, Missile Turret  
  197  18:20  Missile Turret  
  197  18:22  Missile Turret  
  197  18:24  Planetary Fortress  
  194  18:27  Marine  
  194  18:50  Liberator  
  194  18:52  Marauder, Marine x2  
  194  18:53  Nuke  
  198  18:55  Orbital Command  
  190  19:05  Ghost Academy  
  190  19:07  Marine  
  190  19:08  Liberator, Marauder, Marine  
  176  19:11  Liberator x2  
  176  19:12  Siege Tank x2  
  176  19:13  Widow Mine x2  
  192  19:17  Command Center, Missile Turret  
  191  19:25  Marine  
  191  19:26  Marauder  
  189  19:50  Marauder, Marine x2  
  189  19:52  Orbital Command  
  193  20:00  Viking  
  189  20:10  Medivac x2  
  189  20:13  Terran Ship Weapons Level 3  
  188  20:31  Siege Tank  
  186  20:37  Nuke  
  186  20:40  Medivac x2  
  186  20:42  Viking  
  190  20:43  Viking x2  
  190  20:55  Orbital Command  
  185  20:58  Planetary Fortress  
  185  21:01  Viking  
  185  21:03  Missile Turret  
  182  21:06  Missile Turret  
  182  21:07  Missile Turret  
  180  21:14  Widow Mine x2  
  180  21:15  Viking x3  
  180  21:18  Liberator x2  
  196  21:20  Orbital Command  
  196  21:40  Missile Turret  
  196  21:43  Missile Turret  
  196  21:45  Missile Turret  
  194  21:51  Liberator  
  191  22:09  Nuke x2  
  191  22:22  Viking  
  185  22:23  Widow Mine  
  185  22:24  Marine x4  
  185  22:25  Marauder x2  
  195  22:37  Liberator  
  198  22:47  Marine x2  
  200  22:54  Missile Turret  
  200  22:57  Missile Turret  
  200  23:07  Missile Turret  
  189  23:33  Marauder x3  
  185  23:34  Liberator x2  
  185  23:36  Widow Mine  
  185  23:37  Nuke  
  185  23:39  Terran Vehicle Weapons Level 3  
  193  23:43  Marauder, Marine x3  
  193  23:48  Marine  
  199  23:53  Missile Turret  
  199  23:56  Missile Turret  
  199  23:58  Marine  
  199  24:00  Missile Turret  
  200  24:03  Missile Turret  
  200  24:14  Missile Turret  
  196  24:39  Marine x2  
  196  24:40  Marauder  
  196  24:43  Liberator  
  199  24:53  Viking  
  199  24:56  Marine  
  199  24:57  Liberator x2, Marauder  
  199  25:04  Marine  
  200  25:09  Missile Turret  
  198  25:14  Marine  
  198  25:18  Marine  
  200  25:32  Missile Turret  
  200  25:34  Sensor Tower  
  197  25:43  Missile Turret x2  
  197  25:44  Viking  
  197  25:47  Viking  
  198  25:56  Orbital Command  
  198  26:02  Refinery  
  198  26:06  Refinery  
  198  26:24  Marauder, Marine x2  
  190  26:32  Marauder, Marine x2  
  178  26:35  Marine  
  178  26:36  Marauder, Marine x3  
  178  26:37  Marauder  
  174  26:41  Marine  
  174  26:42  Marine  
  178  26:50  Marine  
  178  26:53  Marine x2  
  178  26:54  Marine  
  163  26:56  Viking x3  
  163  26:57  Viking x2  
  163  26:58  Marine x2  
  163  27:00  Viking, Orbital Command  
  164  27:01  Widow Mine x2  
  164  27:02  Widow Mine x2, Marine x2  
  164  27:04  Ghost x4  
  164  27:07  Marine  
  164  27:13  Marine  
  159  27:26  Viking x2  
  159  27:29  Marine x3  
  163  27:31  Marine x2  
  163  27:33  Marauder x3  
  163  27:35  Viking x2  
  174  27:44  Marauder  
  174  27:45  Viking  
  171  27:52  Marine x2  
  171  27:53  Orbital Command  
  171  27:54  Marauder, Marine  
  171  27:55  Marauder x2  
  171  27:57  Marine  
  131  28:03  Marine  
  114  28:05  Marauder  
  114  28:09  Viking  
  114  28:10  Marine  
  96  28:16  Marine x2  
  95  28:23  Marine x2  
  99  28:27  Widow Mine  
  99  28:30  Widow Mine  
  99  28:31  Widow Mine  
Tags
 
Add a new tag
Caveats
  • Supply blocks, unpowered buildings, or Contaminate may cause inaccurate times.
  • Supply counts are checked every 10 seconds.